[ AOE2 MATCH · #477264621 ]
UnrankedKhitans vs Wei
Player's team · LOSS
Rival team · WIN
[ REPLAY ANALYSIS · EXTRACTED FROM THE RECORDED GAME ]
Feudal
9:34
Castle
21:59
Imperial
—
| APM avg | 44.7 |
| APM peak | 77 |
| eAPM avg | 17.3 |
| Villagers / military | 98 / 109 |
Focus
⚔️ 40.0% · 🌾 60.0%
Skirmisher ×47 · Cavalry Archer ×46 · Scout Cavalry ×14 · Steppe Lancer ×2
Feudal
9:16
Castle
22:15
Imperial
38:00
| APM avg | 47.3 |
| APM peak | 101 |
| eAPM avg | 19.4 |
| Villagers / military | 92 / 22 |
Focus
⚔️ 38.2% · 🌾 61.8%
Unknown (1952) ×74 · Spearman ×13 · Scout Cavalry ×5 · Mangonel ×4
Match map
Initial resources + every placement click. Lines = walls · curves = elevation contours. ◆ gold · ⬟ stone · ● berries · ✦ relic · ◌ wall gap
Your base· ✓ Closed at 21:59 · 5t walls · no gate
pownerto's base· ✓ Closed at 22:15 · 54t walls · 2 gate(s)
Smoothed initial terrain · ◌ = detected wall gap · hover for details
Inputs per minute
— Colem - - pownerto
Build order — Colem
First 150 of 224 actions detected
| 0:00 | Create | Villager (Male) |
| 0:01 | Create | Villager (Male) |
| 0:02 | Build | House |
| 0:03 | Build | House |
| 0:07 | Create | Villager (Male) |
| 0:08 | Create | Villager (Male) |
| 1:26 | Create | Villager (Male) |
| 1:56 | Create | Villager (Male) |
| 2:27 | Create | Villager (Male) |
| 2:54 | Create | Villager (Male) |
| 3:08 | Build | Lumber Camp |
| 3:12 | Build | House |
| 3:20 | Create | Villager (Male) |
| 3:50 | Create | Villager (Male) |
| 4:08 | Create | Villager (Male) |
| 4:36 | Create | Villager (Male) |
| 5:06 | Create | Villager (Male) |
| 5:30 | Create | Villager (Male) |
| 5:50 | Create | Villager (Male) |
| 6:04 | Build | Mill |
| 6:16 | Build | Palisade Wall |
| 6:17 | Build | Palisade Wall |
| 6:26 | Create | Villager (Male) |
| 6:49 | Research | Loom |
| 7:24 | Research | Feudal Age |
| 7:59 | Build | House |
| 8:42 | Build | Barracks |
| 9:08 | Create | Villager (Male) |
| 9:09 | Create | Villager (Male) |
| 9:34 | Age | Feudal Age |
| 9:42 | Build | Stable |
| 9:54 | Research | Double-Bit Axe |
| 10:17 | Create | Villager (Male) |
| 10:22 | Build | House |
| 10:34 | Create | Scout Cavalry |
| 10:38 | Create | Villager (Male) |
| 10:51 | Build | Pasture |
| 10:54 | Create | Scout Cavalry |
| 11:08 | Create | Scout Cavalry |
| 11:21 | Create | Scout Cavalry |
| 11:22 | Create | Villager (Male) |
| 11:22 | Create | Villager (Male) |
| 11:47 | Build | Pasture |
| 12:05 | Create | Villager (Male) |
| 12:10 | Build | House |
| 12:15 | Build | House |
| 12:16 | Build | House |
| 12:18 | Create | Scout Cavalry |
| 12:19 | Create | Villager (Male) |
| 12:26 | Build | Blacksmith |
| 12:47 | Build | Pasture |
| 12:51 | Create | Villager (Male) |
| 12:58 | Create | Scout Cavalry |
| 13:18 | Build | Pasture |
| 13:26 | Create | Villager (Male) |
| 13:33 | Build | Pasture |
| 13:41 | Build | House |
| 13:42 | Build | Palisade Wall |
| 13:43 | Build | Palisade Wall |
| 13:44 | Build | Palisade Wall |
| 13:51 | Research | Forging |
| 13:58 | Build | Pasture |
| 14:03 | Create | Villager (Male) |
| 14:26 | Create | Villager (Male) |
| 14:29 | Build | Pasture |
| 14:44 | Create | Scout Cavalry |
| 14:45 | Create | Villager (Male) |
| 15:16 | Create | Villager (Male) |
| 15:16 | Create | Scout Cavalry |
| 15:19 | Build | Pasture |
| 15:42 | Create | Villager (Male) |
| 15:43 | Create | Scout Cavalry |
| 16:01 | Create | Villager (Male) |
| 16:05 | Build | House |
| 16:08 | Build | Palisade Wall |
| 16:09 | Create | Scout Cavalry |
| 16:14 | Research | Scale Barding Armor |
| 16:20 | Build | Pasture |
| 16:36 | Create | Villager (Male) |
| 16:46 | Build | Mining Camp |
| 16:51 | Create | Scout Cavalry |
| 16:57 | Create | Villager (Male) |
| 17:07 | Create | Scout Cavalry |
| 17:20 | Create | Villager (Male) |
| 17:26 | Build | Pasture |
| 17:46 | Create | Villager (Male) |
| 17:47 | Create | Scout Cavalry |
| 18:21 | Create | Scout Cavalry |
| 18:36 | Create | Villager (Male) |
| 18:53 | Build | Pasture |
| 19:19 | Research | Castle Age |
| 19:20 | Research | Castle Age |
| 20:00 | Build | Archery Range |
| 20:01 | Build | Archery Range |
| 20:05 | Research | Fletching |
| 20:23 | Research | Gold Mining |
| 20:40 | Research | Tech 1014 |
| 20:40 | Research | Tech 1014 |
| 21:24 | Research | Padded Archer Armor |
| 21:26 | Create | Villager (Male) |
| 21:26 | Create | Villager (Male) |
| 21:32 | Create | Villager (Male) |
| 21:33 | Create | Villager (Male) |
| 21:46 | Build | House |
| 21:59 | Age | Castle Age |
| 22:00 | Create | Cavalry Archer |
| 22:00 | Create | Cavalry Archer |
| 22:02 | Research | Bodkin Arrow |
| 22:13 | Create | Villager (Male) |
| 22:20 | Build | Pasture |
| 22:22 | Create | Cavalry Archer |
| 22:23 | Create | Cavalry Archer |
| 22:32 | Create | Steppe Lancer |
| 22:45 | Research | Bow Saw |
| 22:48 | Create | Villager (Male) |
| 23:05 | Build | Pasture |
| 23:13 | Research | Husbandry |
| 23:15 | Create | Cavalry Archer |
| 23:15 | Create | Cavalry Archer |
| 23:35 | Create | Villager (Male) |
| 23:37 | Create | Cavalry Archer |
| 23:37 | Create | Cavalry Archer |
| 23:46 | Build | Palisade Wall |
| 23:56 | Create | Villager (Male) |
| 23:58 | Create | Cavalry Archer |
| 24:33 | Create | Cavalry Archer |
| 24:33 | Create | Cavalry Archer |
| 24:34 | Create | Villager (Male) |
| 24:34 | Create | Villager (Male) |
| 24:37 | Research | Wheelbarrow |
| 24:47 | Build | House |
| 24:48 | Build | House |
| 25:07 | Create | Cavalry Archer |
| 25:14 | Create | Villager (Male) |
| 25:27 | Build | Palisade Wall |
| 25:34 | Build | Palisade Wall |
| 25:38 | Create | Cavalry Archer |
| 25:38 | Create | Cavalry Archer |
| 25:39 | Create | Villager (Male) |
| 25:44 | Build | House |
| 25:56 | Build | Town Center |
| 26:12 | Create | Villager (Male) |
| 26:17 | Build | House |
| 26:19 | Build | House |
| 26:20 | Create | Cavalry Archer |
| 26:20 | Create | Cavalry Archer |
| 26:24 | Create | Cavalry Archer |
| 27:20 | Create | Cavalry Archer |
| 27:20 | Create | Cavalry Archer |
| 27:21 | Create | Villager (Male) |
Build order — pownerto
First 150 of 318 actions detected
| 0:00 | Create | Villager (Male) |
| 0:02 | Build | House |
| 0:03 | Build | House |
| 0:11 | Create | Villager (Male) |
| 0:15 | Create | Villager (Male) |
| 0:19 | Create | Villager (Male) |
| 1:26 | Create | Villager (Male) |
| 1:58 | Create | Villager (Male) |
| 2:15 | Create | Villager (Male) |
| 2:28 | Build | Lumber Camp |
| 2:38 | Create | Villager (Male) |
| 2:54 | Create | Villager (Male) |
| 3:12 | Create | Villager (Male) |
| 3:43 | Create | Villager (Male) |
| 3:50 | Build | House |
| 3:56 | Create | Villager (Male) |
| 4:56 | Create | Villager (Male) |
| 4:58 | Build | Mill |
| 5:20 | Create | Villager (Male) |
| 5:21 | Create | Villager (Male) |
| 5:42 | Create | Villager (Male) |
| 6:23 | Create | Villager (Male) |
| 6:41 | Research | Loom |
| 6:59 | Research | Feudal Age |
| 7:35 | Build | House |
| 8:04 | Build | Barracks |
| 8:42 | Build | Palisade Wall |
| 8:43 | Build | Palisade Wall |
| 8:43 | Build | Palisade Wall |
| 8:44 | Build | Palisade Wall |
| 8:47 | Build | Palisade Wall |
| 8:55 | Build | Palisade Wall |
| 9:00 | Build | Palisade Wall |
| 9:07 | Build | House |
| 9:12 | Create | Villager (Male) |
| 9:16 | Age | Feudal Age |
| 9:18 | Build | Stable |
| 9:22 | Build | Palisade Wall |
| 9:28 | Research | Double-Bit Axe |
| 9:29 | Create | Villager (Male) |
| 9:46 | Build | Mill |
| 9:51 | Create | Spearman |
| 10:03 | Create | Scout Cavalry |
| 10:03 | Create | Villager (Male) |
| 10:13 | Build | House |
| 10:27 | Create | Villager (Male) |
| 10:28 | Research | Horse Collar |
| 10:32 | Build | Farm |
| 10:43 | Build | Palisade Wall |
| 10:53 | Create | Villager (Male) |
| 10:56 | Build | Farm |
| 11:13 | Create | Scout Cavalry |
| 11:18 | Build | Farm |
| 11:22 | Create | Spearman |
| 11:26 | Create | Villager (Male) |
| 11:33 | Build | Farm |
| 11:39 | Build | Farm |
| 11:54 | Create | Villager (Male) |
| 12:02 | Build | House |
| 12:07 | Create | Villager (Male) |
| 12:09 | Build | Farm |
| 12:11 | Build | Farm |
| 12:19 | Build | Palisade Wall |
| 12:25 | Build | Farm |
| 12:28 | Create | Villager (Male) |
| 12:38 | Build | House |
| 12:40 | Build | Palisade Wall |
| 12:45 | Create | Scout Cavalry |
| 12:50 | Build | Farm |
| 12:55 | Build | Farm |
| 12:56 | Create | Villager (Male) |
| 13:19 | Create | Spearman |
| 13:20 | Create | Villager (Male) |
| 13:32 | Create | Villager (Male) |
| 13:36 | Build | Farm |
| 13:38 | Build | Farm |
| 13:43 | Build | House |
| 13:54 | Build | Farm |
| 13:57 | Create | Spearman |
| 14:01 | Create | Villager (Male) |
| 14:09 | Create | Scout Cavalry |
| 14:25 | Build | Farm |
| 14:31 | Create | Spearman |
| 14:36 | Build | Mining Camp |
| 14:40 | Create | Spearman |
| 14:40 | Create | Villager (Male) |
| 14:46 | Build | Palisade Wall |
| 15:00 | Create | Scout Cavalry |
| 15:01 | Create | Villager (Male) |
| 15:15 | Build | House |
| 15:18 | Build | Palisade Wall |
| 15:20 | Build | Palisade Wall |
| 15:22 | Build | Palisade Wall |
| 15:23 | Build | Palisade Wall |
| 15:28 | Create | Spearman |
| 15:29 | Create | Spearman |
| 15:29 | Create | Villager (Male) |
| 15:43 | Create | Spearman |
| 15:43 | Create | Villager (Male) |
| 15:47 | Create | Villager (Male) |
| 15:57 | Create | Spearman |
| 15:57 | Create | Villager (Male) |
| 16:02 | Build | House |
| 16:04 | Build | Palisade Wall |
| 16:08 | Create | Villager (Male) |
| 16:16 | Build | House |
| 16:17 | Build | House |
| 16:19 | Build | Palisade Wall |
| 16:37 | Build | Farm |
| 16:40 | Build | Farm |
| 16:47 | Create | Villager (Male) |
| 16:54 | Build | Blacksmith |
| 16:55 | Build | Palisade Wall |
| 17:08 | Build | House |
| 17:24 | Create | Spearman |
| 17:29 | Build | Barracks |
| 17:46 | Create | Villager (Male) |
| 18:02 | Create | Villager (Male) |
| 18:23 | Create | Villager (Male) |
| 19:24 | Build | Farm |
| 19:27 | Build | Farm |
| 19:35 | Research | Castle Age |
| 19:48 | Build | Palisade Wall |
| 19:54 | Build | Farm |
| 20:05 | Build | Palisade Wall |
| 20:12 | Create | Spearman |
| 20:20 | Build | House |
| 20:23 | Build | Palisade Gate |
| 20:31 | Create | Villager (Male) |
| 20:34 | Create | Spearman |
| 20:41 | Build | Archery Range |
| 20:42 | Create | Villager (Male) |
| 20:53 | Build | Lumber Camp |
| 21:08 | Create | Villager (Male) |
| 21:12 | Build | House |
| 21:21 | Create | Villager (Male) |
| 21:24 | Create | Villager (Male) |
| 21:26 | Build | Lumber Camp |
| 21:34 | Build | Palisade Gate |
| 21:37 | Create | Villager (Male) |
| 21:40 | Create | Villager (Male) |
| 21:45 | Create | Villager (Male) |
| 21:53 | Build | Mining Camp |
| 21:55 | Research | Gold Mining |
| 22:01 | Build | House |
| 22:03 | Build | Palisade Wall |
| 22:15 | Age | Castle Age |
| 22:19 | Create | Unit 1952 |
| 22:22 | Build | Archery Range |
| 22:27 | Build | House |
Match timeline
| 6:16 | Colem · wall_segment Palisade Wall x1 |
| 6:17 | Colem · wall_segment Palisade Wall x1 |
| 8:04 | pownerto · first_building Barracks |
| 8:42 | pownerto · wall_segment Palisade Wall x1 |
| 8:42 | Colem · first_building Barracks |
| 8:43 | pownerto · wall_segment Palisade Wall x1 |
| 8:43 | pownerto · wall_segment Palisade Wall x1 |
| 8:44 | pownerto · wall_segment Palisade Wall x1 |
| 8:47 | pownerto · wall_segment Palisade Wall x1 |
| 8:55 | pownerto · wall_segment Palisade Wall x1 |
| 9:00 | pownerto · wall_segment Palisade Wall x3 |
| 9:16 | pownerto · age_up feudal |
| 9:18 | pownerto · first_building Stable |
| 9:22 | pownerto · wall_segment Palisade Wall x1 |
| 9:34 | Colem · age_up feudal |
| 9:42 | Colem · first_building Stable |
| 10:43 | pownerto · wall_segment Palisade Wall x10 |
| 12:19 | pownerto · wall_segment Palisade Wall x4 |
| 12:40 | pownerto · wall_segment Palisade Wall x4 |
| 13:42 | Colem · wall_segment Palisade Wall x1 |
| 13:43 | Colem · wall_segment Palisade Wall x1 |
| 13:44 | Colem · wall_segment Palisade Wall x1 |
| 14:46 | pownerto · wall_segment Palisade Wall x1 |
| 15:18 | pownerto · wall_segment Palisade Wall x1 |
| 15:20 | pownerto · wall_segment Palisade Wall x1 |
| 15:22 | pownerto · wall_segment Palisade Wall x1 |
| 15:23 | pownerto · wall_segment Palisade Wall x1 |
| 16:04 | pownerto · wall_segment Palisade Wall x1 |
| 16:08 | Colem · wall_segment Palisade Wall x1 |
| 16:19 | pownerto · wall_segment Palisade Wall x1 |
| 16:55 | pownerto · wall_segment Palisade Wall x3 |
| 19:48 | pownerto · wall_segment Palisade Wall x14 |
| 20:00 | Colem · first_building Archery Range |
| 20:05 | pownerto · wall_segment Palisade Wall x1 |
| 20:41 | pownerto · first_building Archery Range |
| 21:59 | Colem · age_up castle |
| 22:03 | pownerto · wall_segment Palisade Wall x1 |
| 22:15 | pownerto · age_up castle |
| 23:46 | Colem · wall_segment Palisade Wall x1 |
| 25:27 | Colem · wall_segment Palisade Wall x7 |
| 25:34 | Colem · wall_segment Palisade Wall x1 |
| 31:01 | pownerto · first_building Siege Workshop |
| 33:15 | pownerto · first_building Castle |
| 38:00 | pownerto · age_up imperial |
| 38:06 | Colem · resign |
[ AI ANALYSIS · 1 CREDIT ]
What really happened in this match?
Wolo.gg analyzes every decision: build order, eco, micro, common mistakes by bracket. Personalized analysis on WhatsApp or Discord in 30 seconds.
Civ guide
Khitans
Perfil
Colem